TOP OF THE 1ST |
Niagara Falls Frenzy batting - Pitching for Birmingham Steeldogs : RHP Arthur Green
|
Pitching: RHP Arthur Green
|
|
Batting: LHB Clyde Yarbrough
|
0-0: Called Strike 0-1: Ground out 4-3 (Groundball, 4M)
|
Batting: RHB Juan Carlos Rodríguez
|
0-0: Called Strike 0-1: Called Strike 0-2: Ball 1-2: Foul Ball, location: 2F 1-2: Ground out 6-3 (Groundball, 6M)
|
Batting: LHB Dante Owens
|
0-0: Ball 1-0: Ball 2-0: Ball 3-0: Called Strike 3-1: Base on Balls
|
Batting: LHB Donovan Bird
|
0-0: Ball 1-0: Ball 2-0: Ball 3-0: Called Strike 3-1: Swinging Strike 3-2: Fly out, F9 (Flyball, 9D)
|
Top of the 1st over - 0 run(s), 0 hit(s), 0 error(s), 1 left on base; Niagara Falls 0 - Birmingham 0 |
BOTTOM OF THE 1ST |
Birmingham Steeldogs batting - Pitching for Niagara Falls Frenzy : RHP Mark Head
|
Pitching: RHP Mark Head
|
|
Batting: LHB José Sánchez
|
0-0: Ball 1-0: Called Strike 1-1: Swinging Strike 1-2: Ball 2-2: Foul Ball, location: 2F 2-2: Strikes out swinging
|
Batting: LHB Glenn Garrett
|
0-0: Ground out 3-1 (Groundball, 34)
|
Batting: LHB Chris Miller
|
0-0: Ball 1-0: Ball 2-0: Ground out 4-3 (Groundball, 34)
|
Bottom of the 1st over - 0 run(s), 0 hit(s), 0 error(s), 0 left on base; Niagara Falls 0 - Birmingham 0 |
TOP OF THE 2ND |
Niagara Falls Frenzy batting - Pitching for Birmingham Steeldogs : RHP Arthur Green
|
Batting: SHB Ray Burgess
|
0-0: Foul Ball, location: 2F 0-1: Ball 1-1: Ball Reached via error on a dropped throw, E3
|
Batting: SHB Shumei Yokoyama
|
0-0: Called Strike 0-1: Ball 1-1: Foul Ball, location: 2F 1-2: SINGLE (Flyball, 89S) Ray Burgess to second Runner from 2nd tries for 3rd, OUT!
|
Batting: RHB Lawrence Schroeder
|
0-0: Ball 1-0: Swinging Strike 1-1: Fielders Choice at 2nd, 5-4 (Groundball, 5)
|
Batting: RHB Ángel Hinojosa
|
0-0: Swinging Strike 0-1: Foul Ball, location: 2F 0-2: Ball 1-2: Ball 2-2: Strikes out swinging
|
Top of the 2nd over - 0 run(s), 1 hit(s), 1 error(s), 1 left on base; Niagara Falls 0 - Birmingham 0 |
BOTTOM OF THE 2ND |
Birmingham Steeldogs batting - Pitching for Niagara Falls Frenzy : RHP Mark Head
|
Batting: LHB Arturo Molina
|
0-0: Called Strike 0-1: SINGLE (Groundball, 34D)
|
Batting: SHB Jesús Ramírez
|
0-0: Ball 1-0: Foul Ball, location: 2F 1-1: Ball 2-1: Ball 3-1: 2-RUN HOME RUN (Flyball, 9D), Distance : 370 ft
|
Batting: LHB Mitchell Oglethorpe
|
0-0: Called Strike 0-1: Foul Ball, location: 2F 0-2: Foul Ball, location: 2F 0-2: Ball 1-2: Ball 2-2: Strikes out swinging
|
Batting: LHB Ben Kelley
|
0-0: Called Strike 0-1: Foul Ball, location: 2F 0-2: Fly out, F9 (Flyball, 89D)
|
Batting: RHB Mario Hernández
|
0-0: Ground out 6-3 (Groundball, 6M)
|
Bottom of the 2nd over - 2 run(s), 2 hit(s), 0 error(s), 0 left on base; Niagara Falls 0 - Birmingham 2 |
TOP OF THE 3RD |
Niagara Falls Frenzy batting - Pitching for Birmingham Steeldogs : RHP Arthur Green
|
Batting: RHB Juan Sánchez
|
0-0: Ball 1-0: Ball 2-0: Foul Ball, location: 2F 2-1: Foul Ball, location: 2F 2-2: Ball 3-2: Strikes out swinging
|
Batting: LHB Clyde Yarbrough
|
0-0: Ball 1-0: Ball 2-0: SINGLE (Flyball, 89S)
|
Batting: RHB Juan Carlos Rodríguez
|
0-0: Swinging Strike 0-1: Called Strike 0-2: Ball 1-2: Strikes out swinging
|
Batting: LHB Dante Owens
|
0-0: Called Strike 0-1: Ball 1-1: Swinging Strike 1-2: Ball 2-2: Ball Clyde Yarbrough steals 2nd base 3-2: Base on Balls
|
Batting: LHB Donovan Bird
|
0-0: Foul Ball, location: 2F 0-1: Ball 1-1: Ball 2-1: Swinging Strike 2-2: 3-RUN HOME RUN (Flyball, 7D), Distance : 375 ft
|
Batting: SHB Ray Burgess
|
0-0: Ball 1-0: Swinging Strike 1-1: Ball 2-1: Ball 3-1: Called Strike 3-2: Foul Ball, location: 2F 3-2: SINGLE (Line Drive, 9S)
|
Batting: SHB Shumei Yokoyama
|
0-0: Called Strike 0-1: Ball 1-1: Swinging Strike 1-2: Strikes out swinging
|
Top of the 3rd over - 3 run(s), 3 hit(s), 0 error(s), 1 left on base; Niagara Falls 3 - Birmingham 2 |
BOTTOM OF THE 3RD |
Birmingham Steeldogs batting - Pitching for Niagara Falls Frenzy : RHP Mark Head
|
Batting: RHB Paço Ttes
|
0-0: Ball 1-0: Ball 2-0: Called Strike 2-1: Ground out 4-3 (Groundball, 13)
|
Batting: LHB José Sánchez
|
0-0: Ball 1-0: Ball 2-0: Ball 3-0: Called Strike 3-1: Base on Balls
|
Batting: LHB Glenn Garrett
|
0-0: Ball 1-0: Called Strike 1-1: Foul Ball, location: 2F 1-2: Ball 2-2: SINGLE (Line Drive, 89M) José Sánchez to second
|
Batting: LHB Chris Miller
|
0-0: Grounds into double play, 4-6-3 (Groundball, 4)
|
Bottom of the 3rd over - 0 run(s), 1 hit(s), 0 error(s), 1 left on base; Niagara Falls 3 - Birmingham 2 |
TOP OF THE 4TH |
Niagara Falls Frenzy batting - Pitching for Birmingham Steeldogs : RHP Arthur Green
|
Batting: RHB Lawrence Schroeder
|
0-0: DOUBLE (Flyball, 78D)
|
Pinch Runner at 2nd Bryce Hester:
|
|
Batting: RHB Ángel Hinojosa
|
0-0: Ball 1-0: Ground out 6-3 (Groundball, 6M) Bryce Hester to third
|
Batting: RHB Juan Sánchez
|
0-0: Called Strike 0-1: Foul Ball, location: 2F 0-2: Strikes out swinging
|
Batting: LHB Clyde Yarbrough
|
0-0: Swinging Strike 0-1: Ball 1-1: Ball 2-1: Called Strike 2-2: Foul Ball, location: 2F 2-2: SINGLE (Groundball, 3D) Bryce Hester scores
|
Batting: RHB Juan Carlos Rodríguez
|
0-0: Ball 1-0: SINGLE (Groundball, 6MD) Clyde Yarbrough to second
|
Batting: LHB Dante Owens
|
0-0: 3-RUN HOME RUN (Flyball, 89XD), Distance : 381 ft
|
Batting: LHB Donovan Bird
|
0-0: Ball 1-0: Ball 2-0: Foul Ball, location: 2F 2-1: Called Strike 2-2: Foul Ball, location: 2F 2-2: Fly out, F8 (Flyball, 8LS)
|
Top of the 4th over - 4 run(s), 4 hit(s), 0 error(s), 0 left on base; Niagara Falls 7 - Birmingham 2 |
BOTTOM OF THE 4TH |
Birmingham Steeldogs batting - Pitching for Niagara Falls Frenzy : RHP Mark Head
|
Now at 2B: Bryce Hester
|
|
Batting: LHB Arturo Molina
|
0-0: Called Strike 0-1: Foul Ball, location: 2F 0-2: Strikes out swinging
|
Batting: SHB Jesús Ramírez
|
0-0: Ball 1-0: Foul Ball, location: 2F 1-1: Ball 2-1: Swinging Strike 2-2: Foul Ball, location: 2F 2-2: Ball 3-2: Foul Ball, location: 2F 3-2: Strikes out looking
|
Batting: LHB Mitchell Oglethorpe
|
0-0: Ball 1-0: Foul Ball, location: 2F 1-1: SINGLE (Groundball, 5D)
|
Batting: LHB Ben Kelley
|
0-0: Ball 1-0: Fly out, F7 (Flyball, 78XD)
|
Bottom of the 4th over - 0 run(s), 1 hit(s), 0 error(s), 1 left on base; Niagara Falls 7 - Birmingham 2 |
TOP OF THE 5TH |
Niagara Falls Frenzy batting - Pitching for Birmingham Steeldogs : RHP Arthur Green
|
Pitching: RHP José Ruíz
|
|
Batting: SHB Ray Burgess
|
0-0: Hit by Pitch
|
Batting: SHB Shumei Yokoyama
|
0-0: Ball 1-0: Foul Ball, location: 2F 1-1: Fly out, F9 (Flyball, 89D)
|
Batting: RHB Bryce Hester
|
0-0: Ball 1-0: Foul Ball, location: 2F 1-1: Foul Ball, location: 2F 1-2: Fielders Choice at 2nd, 5-4 (Groundball, 5)
|
Batting: RHB Ángel Hinojosa
|
0-0: Ball Bryce Hester is caught stealing 2nd base
|
Top of the 5th over - 0 run(s), 0 hit(s), 0 error(s), 0 left on base; Niagara Falls 7 - Birmingham 2 |
BOTTOM OF THE 5TH |
Birmingham Steeldogs batting - Pitching for Niagara Falls Frenzy : RHP Mark Head
|
Batting: RHB Mario Hernández
|
0-0: Ball 1-0: Fly out, F6 (Line Drive, 6)
|
Batting: RHB Paço Ttes
|
0-0: Ball 1-0: Foul Ball, location: 2F 1-1: Foul Ball, location: 2F 1-2: Foul Ball, location: 2F 1-2: Ball 2-2: Strikes out swinging
|
Batting: LHB José Sánchez
|
0-0: Ball 1-0: Ball 2-0: Ball 3-0: Called Strike 3-1: Ground out 4-3 (Groundball, 4)
|
Bottom of the 5th over - 0 run(s), 0 hit(s), 0 error(s), 0 left on base; Niagara Falls 7 - Birmingham 2 |
TOP OF THE 6TH |
Niagara Falls Frenzy batting - Pitching for Birmingham Steeldogs : RHP José Ruíz
|
Batting: RHB Ángel Hinojosa
|
0-0: Ball 1-0: Ball 2-0: Called Strike 2-1: Foul Ball, location: 2F 2-2: Ball 3-2: Foul Ball, location: 2F 3-2: Base on Balls
|
Batting: RHB Juan Sánchez
|
0-0: Ball 1-0: Grounds into double play, 6-4-3 (Groundball, 6)
|
Batting: LHB Clyde Yarbrough
|
0-0: Ball 1-0: Ball 2-0: Fly out, F8 (Line Drive, 8LM)
|
Top of the 6th over - 0 run(s), 0 hit(s), 0 error(s), 0 left on base; Niagara Falls 7 - Birmingham 2 |
BOTTOM OF THE 6TH |
Birmingham Steeldogs batting - Pitching for Niagara Falls Frenzy : RHP Mark Head
|
Batting: LHB Glenn Garrett
|
0-0: Called Strike 0-1: Called Strike 0-2: Ball 1-2: Ball 2-2: Foul Ball, location: 2F 2-2: Fly out, F8 (Flyball, 8LM)
|
Batting: LHB Chris Miller
|
0-0: Called Strike 0-1: Foul Ball, location: 2F 0-2: Ground out 5-3 (Groundball, 56)
|
Batting: LHB Arturo Molina
|
0-0: Called Strike 0-1: Ball 1-1: Called Strike 1-2: Fly out, F7 (Flyball, 7S)
|
Bottom of the 6th over - 0 run(s), 0 hit(s), 0 error(s), 0 left on base; Niagara Falls 7 - Birmingham 2 |
TOP OF THE 7TH |
Niagara Falls Frenzy batting - Pitching for Birmingham Steeldogs : RHP José Ruíz
|
Pitching: RHP Craig Draper
|
|
Batting: RHB Juan Carlos Rodríguez
|
0-0: Ball 1-0: DOUBLE (Flyball, 89D)
|
Batting: LHB Dante Owens
|
0-0: Swinging Strike 0-1: Ball 1-1: Swinging Strike 1-2: DOUBLE (Line Drive, 9D) Juan Carlos Rodríguez scores
|
Batting: LHB Donovan Bird
|
0-0: Swinging Strike 0-1: Called Strike 0-2: Ball 1-2: Foul Ball, location: 2F 1-2: Strikes out swinging
|
Batting: SHB Ray Burgess
|
0-0: Ground out 1-3 (Groundball, 15)
|
Batting: SHB Shumei Yokoyama
|
0-0: Swinging Strike 0-1: Ball 1-1: Ball 2-1: Foul Ball, location: 2F 2-2: Ball 3-2: Foul Ball, location: 2F 3-2: Base on Balls
|
Batting: RHB Bryce Hester
|
0-0: Called Strike 0-1: Ball 1-1: Fielders Choice at 2nd, 5-4 (Groundball, 56)
|
Top of the 7th over - 1 run(s), 2 hit(s), 0 error(s), 1 left on base; Niagara Falls 8 - Birmingham 2 |
BOTTOM OF THE 7TH |
Birmingham Steeldogs batting - Pitching for Niagara Falls Frenzy : RHP Mark Head
|
Pitching: RHP Cipriano Montáńez
|
|
Batting: SHB Jesús Ramírez
|
0-0: Called Strike 0-1: Ball 1-1: Called Strike 1-2: Ball 2-2: Strikes out swinging
|
Batting: LHB Mitchell Oglethorpe
|
0-0: Foul Ball, location: 2F 0-1: Called Strike 0-2: Ball 1-2: Strikes out swinging
|
Batting: LHB Ben Kelley
|
0-0: Ball 1-0: Ball 2-0: Swinging Strike 2-1: Foul Ball, location: 2F 2-2: Strikes out swinging
|
Bottom of the 7th over - 0 run(s), 0 hit(s), 0 error(s), 0 left on base; Niagara Falls 8 - Birmingham 2 |
TOP OF THE 8TH |
Niagara Falls Frenzy batting - Pitching for Birmingham Steeldogs : RHP Craig Draper
|
Batting: RHB Ángel Hinojosa
|
0-0: Ball 1-0: Called Strike 1-1: Swinging Strike 1-2: Foul Ball, location: 2F 1-2: Foul Ball, location: 2F 1-2: Foul Ball, location: 2F 1-2: Strikes out looking
|
Batting: RHB Juan Sánchez
|
0-0: Called Strike 0-1: Swinging Strike 0-2: Ball 1-2: Ground out 5-3 (Groundball, 5)
|
Batting: LHB Clyde Yarbrough
|
0-0: Foul Ball, location: 2F 0-1: Ground out 4-3 (Groundball, 4S)
|
Top of the 8th over - 0 run(s), 0 hit(s), 0 error(s), 0 left on base; Niagara Falls 8 - Birmingham 2 |
BOTTOM OF THE 8TH |
Birmingham Steeldogs batting - Pitching for Niagara Falls Frenzy : RHP Cipriano Montáńez
|
Batting: RHB Mario Hernández
|
0-0: Ball 1-0: Called Strike 1-1: Ball 2-1: Foul Ball, location: 2F 2-2: Foul Ball, location: 2F 2-2: Ball 3-2: DOUBLE (Flyball, 89XD)
|
Batting: RHB Paço Ttes
|
0-0: Foul Ball, location: 2F 0-1: Ball 1-1: SINGLE (Groundball, 56D) Mario Hernández to third
|
Batting: LHB José Sánchez
|
0-0: Ball 1-0: Called Strike 1-1: Ball 2-1: SINGLE (Flyball, 6MD) Mario Hernández scores Paço Ttes to second
|
Batting: LHB Glenn Garrett
|
0-0: Ball 1-0: Fly out, F7 (Flyball, 7M)
|
Batting: LHB Chris Miller
|
0-0: DOUBLE (Flyball, 8LXD) Paço Ttes scores José Sánchez to third
|
Pitching: LHP Santiago Valentín
|
|
Batting: LHB Arturo Molina
|
0-0: Called Strike 0-1: Ball 1-1: Swinging Strike 1-2: Foul Ball, location: 2F 1-2: Foul Ball, location: 2F 1-2: Ball 2-2: Ball 3-2: Base on Balls
|
Pitching: RHP Kimitada Takai
|
|
Batting: SHB Jesús Ramírez
|
0-0: Ball 1-0: Foul Ball, location: 2F 1-1: Fly out, F8 (Flyball, 89D) Runner from 3rd tags up, SCORES, no throw Chris Miller to third
|
Pitching: LHP António Bueno
|
|
Batting: LHB Mitchell Oglethorpe
|
0-0: 3-RUN HOME RUN (Line Drive, 9D), Distance : 380 ft
|
Pinch Hitting: RHB Raúl Soto
|
0-0: Ball 1-0: Ball 2-0: Fly out, F5 (Popup, 5L)
|
Bottom of the 8th over - 6 run(s), 5 hit(s), 0 error(s), 0 left on base; Niagara Falls 8 - Birmingham 8 |
TOP OF THE 9TH |
Niagara Falls Frenzy batting - Pitching for Birmingham Steeldogs : RHP Craig Draper
|
Pitching: RHP David Simpson
|
|
Now in LF: Raúl Soto
|
|
Pinch Hitting: LHB Seung-woo Yi
|
0-0: Ground out 1-3 (Groundball, 15)
|
Batting: LHB Dante Owens
|
0-0: Ball 1-0: Ground out 4-3 (Groundball, 4M)
|
Batting: LHB Donovan Bird
|
0-0: Called Strike 0-1: Ball 1-1: Called Strike 1-2: Ground out 3-1 (Groundball, 23)
|
Top of the 9th over - 0 run(s), 0 hit(s), 0 error(s), 0 left on base; Niagara Falls 8 - Birmingham 8 |
BOTTOM OF THE 9TH |
Birmingham Steeldogs batting - Pitching for Niagara Falls Frenzy : LHP António Bueno
|
Pitching: RHP Esteban Juárez
|
|
Now at 3B: Seung-woo Yi
|
|
Batting: RHB Mario Hernández
|
0-0: Ball 1-0: Ball 2-0: Ball 3-0: Called Strike 3-1: SINGLE (Groundball, 3S)
|
Pinch Runner at 1st Nick Webb:
|
|
Batting: RHB Paço Ttes
|
0-0: Called Strike 0-1: Called Strike 0-2: Ball 1-2: Ball Pickoff Throw by Catcher to First - Error! E2 Nick Webb to second 2-2: Ball 3-2: Fly out, F4 (Popup, 4MD)
|
Batting: LHB José Sánchez
|
0-0: Foul Ball, location: 2F 0-1: Ball 1-1: Ball 2-1: SINGLE (Line Drive, 34) Nick Webb to third
|
Batting: LHB Glenn Garrett
|
0-0: Foul Ball, location: 2F 0-1: Called Strike 0-2: Foul Ball, location: 2F 0-2: Fielders Choice attempt at home, Runner SAFE. 6-2 (Groundball, 6M)
|
|